 Dungeon Crawl Stone Soup version 0.32-a0-422-g28b100f618 (webtiles) character file.

Game seed: 6349513722664160200

116 snarfax the Shooter (level 5, 0/40 HPs)
             Began as a Coglin Hunter on Feb 21, 2024.
             Slain by a gnoll
             ... wielding a +0 whip
              (6 damage)
             ... on level 2 of the Dungeon.
             The game lasted 00:03:29 (966 turns).

snarfax the Shooter (Coglin Hunter)                  Turns: 966, Time: 00:03:30

Health: 0/40       AC:  3    Str: 11    XL:     5   Next: 0%
Magic:  5/5        EV: 12    Int:  8    God:
Gold:   51         SH:  0    Dex: 20    Spells: 4/4 levels left

rFire   . . .        a - +0 shortbow {Zorana}
rCold   . . .        (shield currently unavailable)
rNeg    . . .        c - +0 leather armour
rPois   .            (no helmet)
rElec   .            (no cloak)
rCorr   .            (no gloves)
SInv    .            (no boots)
Will    .....        (no amulet)
Stlth   ++           (no ring)
HPRegen 0.26/turn    (no ring)
MPRegen 0.09/turn

%: no passive effects
@: immotile, revved
A: off-hand wielding, slow wielding, warmup strikes, legs shutdown
a: no special abilities


You were on level 2 of the Dungeon.
You visited 1 branch of the dungeon, and saw 2 of its levels.

You collected 51 gold pieces.

Inventory:

Hand Weapons
 a - a +0 shortbow (weapon) {Zorana}
Armour
 c - a +0 leather armour (worn)
Jewellery
 e - a +6 ring of dexterity
Scrolls
 b - a scroll of butterflies
 k - a scroll of brand weapon {unknown}
 l - a scroll of blinking {unknown}
 m - a scroll of enchant weapon {unknown}
Potions
 d - a potion of brilliance {unknown}
 g - a potion of cancellation {unknown}
 i - a potion of curing {unknown}
 j - a potion of haste {unknown}


   Skills:
 + Level 2.8 Fighting
 * Level 4.5 Ranged Weapons
 + Level 1.5 Armour
 + Level 2.5 Dodging
 - Level 0.7 Stealth


You had 4 spell levels left.
You didn't know any spells.
Your spell library was empty.

Dungeon Overview and Level Annotations

Branches:
Dungeon (2/15)

Altars:

Shops:
D:2 =


Innate Abilities, Weirdness & Mutations

You can wield a second weapon in your off-hand.
It takes a long time for you to wield or remove held weapons.
Your first few attacks do less damage.
Attacking and casting redirects power from your legs.


Message History

You shoot an arrow. The arrow hits the gnoll.
The gnoll is moderately wounded.
The gnoll throws a stone.
The stone hits you.
You shoot an arrow. The arrow hits the gnoll!
The gnoll is almost dead.
The gnoll throws a stone.
The stone hits you. The gnoll misses you.
You are too injured to fight recklessly!
You are too injured to fight recklessly!
Fire: a) +0 shortbow {Zorana}
Press: ? - help, Q - select action Shift-Dir - straight line, f/p - gnoll
Aim: a gnoll, wielding a +0 spear and quivering stones (almost dead, 69% to hit)
You shoot an arrow. The arrow hits the gnoll.
You kill the gnoll!
You have reached level 5!
Fire: a) +0 shortbow {Zorana}
Press: ? - help, Q - select action Shift-Dir - straight line, f - gnoll
Aim: a gnoll, wielding a +0 whip (69% to hit)
You shoot an arrow. The arrow hits the gnoll.
The gnoll is heavily wounded.
You shoot an arrow. The arrow closely misses the gnoll.
The gnoll hits you with a +0 whip!
Fire: a) +0 shortbow {Zorana}
Press: ? - help, Q - select action Shift-Dir - straight line, f/p - gnoll
Aim: a gnoll, wielding a +0 whip (heavily wounded, 69% to hit)
You shoot an arrow. The arrow barely misses the gnoll.
The gnoll hits you with a +0 whip!
* * * LOW HITPOINT WARNING * * *
Fire: a) +0 shortbow {Zorana}
Press: ? - help, Q - select action Shift-Dir - straight line, f/p - gnoll
Aim: a gnoll, wielding a +0 whip (heavily wounded, 69% to hit)
You shoot an arrow. The arrow hits the gnoll.
The gnoll is heavily wounded.
The gnoll closely misses you. x2
Fire: a) +0 shortbow {Zorana}
Press: ? - help, Q - select action Shift-Dir - straight line, f/p - gnoll
Aim: a gnoll, wielding a +0 whip (heavily wounded, 69% to hit)
You shoot an arrow. The arrow hits the gnoll.
The gnoll is severely wounded.
The gnoll hits you with a +0 whip.
You die...

###### #.†..#.#
#.##.#.#
#########.##.#†#
.....)g@..##.#.#
.....#######.#.#
... #.#.# .
###...# #.....#
#.###.#######
#............
#######.########
............#


You could see a gnoll.

Vanquished Creatures
  3 gnolls (D:2)
  An adder (D:2)
  2 dart slugs (D:2)
  3 bats
  4 endoplasms
  2 giant cockroaches (D:2)
  A goblin (D:1)
  4 hobgoblins
  3 ball pythons
  3 frilled lizards
  8 kobolds
  10 rats
44 creatures vanquished.

Notes
Turn   | Place    | Note
-------+----------+-------------------------------------------
     0 | D:1      | snarfax the Coglin Hunter began the quest for the Orb.
     0 | D:1      | Reached XP level 1. HP: 16/16 MP: 1/1
    83 | D:1      | Reached XP level 2. HP: 22/22 MP: 2/2
   103 | D:1      | Found a faded altar of an unknown god.
   314 | D:1      | Reached skill level 4 in Ranged Weapons
   314 | D:1      | Reached XP level 3. HP: 27/27 MP: 3/3
   596 | D:1      | Reached skill level 1 in Armour
   624 | D:2      | Found Ycotaiph's One-of-a-Kind Rings.
   787 | D:2      | Reached XP level 4. HP: 34/34 MP: 4/4
   962 | D:2      | Reached XP level 5. HP: 20/40 MP: 5/5
   966 | D:2      | Slain by a gnoll

Illustrated notes

Levels and vault maps discovered:
D:1:      onia_arrival_mini_spirals, layout_basic,
          shapermc_ecumenical_altar_pompeii, item_on_display_a
D:2:      layout_basic, nicolae_shop_unique_rings

Skill      XL: |  1  2  3 |
---------------+----------+-----
Dodging        | 2 |  2.5
Ranged Weapons | 4 |  4.5
Armour         | 1 |  1.5
Fighting       | |  2.8
Stealth        | |  0.7

Action                     |  1- 3 |  4- 6 || total
---------------------------+-------+-------++-------
   Fire: Shortbow          |   100 |    41 ||   141
    Use: Scroll            |       |     2 ||     2
 Armour: Leather armour    |    20 |    15 ||    35
  Dodge: Dodged            |    25 |    16 ||    41

Table legend: (Time is in decaauts)
 A = Elapsed time spent in this place.
 B = Non-inter-level travel time spent in this place.
 C = Inter-level travel time spent in this place.
 D = Time resting spent in this place.
 E = Time spent auto-exploring this place.
 F = Levels seen in this place.
 G = Mean time per level.
                   A        B        C        D        E       F      G
               +--------+--------+--------+--------+--------+-----+--------+
         Total |    999 |    982 |     17 |      0 |    750 |   2 |  499.5 |
       Dungeon |    999 |    982 |     17 |      0 |    750 |   2 |  499.5 |
               +--------+--------+--------+--------+--------+-----+--------+

Top non-repeatable levels by time:
     D:1: 642 daAuts
     D:2: 356 daAuts
